 Dungeon Crawl Stone Soup version 0.30-a0-325-gb515db48ae (console) character file.

Game seed: 13787254157513740437

11868 Ignak the Fighter (level 11, -1/112 (117) HPs)
             Began as an Ogre Warper on Oct 28, 2022.
             Was a High Priest of Okawaru.
             Constricted to death by a starspawn tentacle (2 damage)
             ... attached to a tentacled starspawn
             ... on level 2 of the Abyss.
             The game lasted 00:47:35 (15278 turns).

Ignak the Fighter (Ogre Warper)                    Turns: 15278, Time: 00:47:35

HP:   -1/112 (117)  AC:  6    Str: 14 (20) XL:     11   Next: 84%
MP:   19/22         EV:  6    Int: 14 (18) God:    Okawaru [*****.]
Gold: 42            SH:  0    Dex:  1 (7)  Spells: 4/25 levels left

rFire   + + .      SeeInvis .    a - +6 mace (protect)
rCold   + . .      Faith    .    (no shield)
rNeg    + + +      Spirit   .    D - +0 robe {rC+ rF+}
rPois   +          Reflect  .    F - +0 hat of Dim Light {Contam rN+++ Will- Regen+}
rElec   .          Harm     .    e - +2 cloak
rCorr   .          Rampage  .    (gloves unavailable)
Will    +....                    (boots unavailable)
Stlth   ++........               v - amulet of regeneration
HPRegen 0.00/turn                y - ring of poison resistance
MPRegen 0.18/turn                o - ring of Shadows {Umbra +Inv Stlth+}

@: about to teleport, sick, on blink cooldown, wreathed by umbra, constricted,
lightly drained
A: large, unfitting armour, tough skin 1, clever 1, deterioration 1, fire
resistance 1, strong-willed 1
a: Renounce Religion, Evoke Invisibility, Heroism, Finesse, Duel


You were on level 2 of the Abyss.
You worshipped Okawaru.
Okawaru was extremely pleased with you.
You visited 2 branches of the dungeon, and saw 11 of its levels.
You visited the Abyss 1 time.
You visited 1 bazaar.

You collected 2179 gold pieces.
You spent 2137 gold pieces at shops.

Inventory:

Hand Weapons
 a - a +6 mace of protection (weapon)
 b - a +0 vampiric giant spiked club
 c - the +7 great sword "Xukic" {elec, Int+2}
   (You bought it in a shop in a bazaar)

   It occasionally discharges a powerful burst of electricity upon striking a
   foe.
   Int:       It affects your intelligence (+2).
 G - a +0 giant spiked club of electrocution
Missiles
 d - 7 boomerangs of dispersal
 w - 10 boomerangs
 x - a throwing net
 z - 56 poisoned darts (quivered)
Armour
 e - a +2 cloak (worn)
 k - a scarf of resistance
 D - a +0 robe of resistance (worn)
 F - the +0 hat of Dim Light (worn) {Contam rN+++ Will- Regen+}
   (Okawaru gifted it to you on level 9 of the Dungeon)

   rN:        It renders you almost immune to negative energy.
   Contam:    It causes magical contamination when unequipped.
   Regen:     It increases your rate of health regeneration.
   Will:      It decreases your willpower.
Jewellery
 o - the ring of Shadows (right hand) {Umbra +Inv Stlth+}
   (You bought it in a shop in a bazaar)

   [ring of stealth]

   It surrounds you with an aura of shadow, increasing your stealth and reducing
   the accuracy of all others within it.
   +Inv:      It lets you turn invisible.
   Stlth:     It makes you more stealthy.
 u - a ring of wizardry
 v - an amulet of regeneration (around neck)
 y - a ring of poison resistance (left hand)
 C - a +6 ring of dexterity
Wands
 i - a wand of roots (16)
 j - a wand of flame (8)
 p - a wand of polymorph (9)
Scrolls
 g - 3 scrolls of enchant armour
 h - a scroll of identify
 l - a scroll of fog
 s - a scroll of enchant weapon
Potions
 f - 3 potions of berserk rage
 n - 5 potions of curing
 t - a potion of resistance
 A - a potion of magic
 E - 2 potions of mutation


   Skills:
 + Level 9.7 Fighting
 * Level 8.8 Maces & Flails
 - Level 2.2 Throwing
 * Level 7.2 Dodging
 - Level 1.2 Unarmed Combat
 + Level 7.6 Spellcasting
 + Level 2.2 Conjurations
 + Level 2.3 Hexes
 + Level 6.8 Translocations
 - Level 1.3 Transmutations
 + Level 6.2 Invocations
 * Level 0.4 Evocations


You had 4 spell levels left.
You knew the following spells:

 Your Spells              Type           Power      Damage    Failure   Level
a - Teleport Other        Tloc           24%        N/A       2%          3
b - Blink                 Tloc           48%        N/A       1%          2
c - Vhi's Electric Charg  Tloc/Air       28%        N/A       10%         3
d - Mephitic Cloud        Conj/Pois/Air  7%         N/A       30%         3
e - Manifold Assault      Tloc           24%        N/A       9%          4
f - Cause Fear            Hex            5%         N/A       45%         4
q - Wereblood             Tmut           9%         N/A       12%         2

Your spell library contained the following spells:

 Spells                   Type           Power      Damage    Failure   Level
 Lesser Beckoning         Tloc           48%        N/A       2%          3
 Scorch                   Fire           10%        2d5       21%         2
 Sublimation of Blood     Necr           5%         N/A       21%         2
 Flame Wave               Conj/Fire      8%         2d5       63%         4
 Yara's Violent Unravell  Hex/Tmut       5%         3d4       86%         5
 Irradiate                Conj/Tmut      5%         3d13      87%         5
 Blade Hands              Tmut           4%         N/A       91%         5
 Dragon Form              Tmut           4%         N/A       100%        7
 Discord                  Hex            5%         N/A       100%        8
 Summon Cactus Giant      Summ           Unusable   N/A       N/A         6
 Summon Hydra             Summ           Unusable   N/A       N/A         7

Dungeon Overview and Level Annotations

Branches:
Dungeon (9/15)             Temple (0/1) D:6             Orc (2/2) D:9
    Elf (0/3) Orc:2
   Lair: D:8-11

Altars:
Elyvilon
Fedhas
Gozag
Nemelex Xobeh
Okawaru
Vehumet
Wu Jian

Shops:
Orc:1 *


Innate Abilities, Weirdness & Mutations

You are too large for most types of armour.
You have tough skin. (AC +1)
Your mind is acute. (Int +4, Str/Dex -1)
Your body sometimes deteriorates upon taking damage.
Your flesh is heat resistant. (rF+)
You are strong-willed. (Will+)


Message History

The fire bat bites you.
You are engulfed in flames.
You resist.
The fire bat bites you but does no damage.
The starcursed mass shrieks in your mind.
The ancient zyme misses you.
The ancient zyme hits you but does no damage.
The fire bat misses you. The starspawn tentacle grabs you.
The starspawn tentacle constricts you. The chaos spawn gores you!
Unknown command.
Unknown command.
Okay, then.
Unknown command.
The starspawn tentacle's grasp on you weakens, but your attempt to escape fails.
The fire bat barely misses you.
The fire bat bites you but does no damage.
The starcursed mass shrieks in your mind.
The starspawn tentacle loses its grip on you.
The ancient zyme hits you but does no damage.
The ancient zyme closely misses you. The starspawn tentacle grabs you.
The starspawn tentacle constricts you. The chaos spawn gores you.
* * * LOW HITPOINT WARNING * * *
The chaos spawn freezes you. You resist.
* * * LOW HITPOINT WARNING * * *
Unknown command.
Unknown command.
Okay, then.
As you read the scroll of teleportation, it crumbles to dust.
You feel strangely unstable.
You feel the power of the Abyss delaying your translocation!
The fire bat barely misses you. The fire bat bites you.
* * * LOW HITPOINT WARNING * * *
You are engulfed in flames.
You resist.
* * * LOW HITPOINT WARNING * * *
The starcursed mass shrieks in your mind.
* * * LOW HITPOINT WARNING * * *
The ancient zyme hits you!
* * * LOW HITPOINT WARNING * * *
The ancient zyme hits you!
* * * LOW HITPOINT WARNING * * *
The starspawn tentacle constricts you.
You die...

#######
#.....########### ... #
#.....wxb........
...........bX@4........
...##.#.....w####>####.
#. #.....X# ... #
######'#### ..# #.....#
.## # #..... #####....
#............ .
#....####....... # ....
.......


You could see a starcursed mass, a tentacled starspawn, an ancient zyme, a chaos
spawn, 2 fire bats and 2 starspawn tentacles.

Vanquished Creatures
  An orc warlord (D:9)
  An orc high priest (D:9)
  Pikel (D:6)
  An orc sorcerer (D:9)
  A centaur skeleton (Abyss:1)
  A kobold demonologist (Orc:1)
  3 trolls
  A hornet (D:9)
  Prince Ribbit (D:6)
  13 yaks
  A shadow (D:5)
  Sigmund (D:6)
  A large abomination (Abyss:1)
  Eustachio (D:6)
  3 vampire mosquitoes (D:7)
  A warg (D:9)
  A steam dragon (D:9)
  Edmund (D:6)
  An acid dragon (D:9)
  2 ice beasts
  12 orc warriors
  2 sky beasts
  4 ogres
  3 lemures (D:6)
  9 kobold brigands
  A phantom (D:4)
  2 necrophages
  2 bullfrogs (D:8)
  3 scorpions
  2 gnoll sergeants
  A small abomination (Abyss:1)
  4 wights (D:8)
  5 killer bees (D:9)
  3 hounds
  A gnoll bouda (Orc:1)
  A jelly (D:5)
  7 orc priests
  Ijyb (D:4)
  6 iguanas
  11 orc wizards
  21 gnolls
  6 adders
  A white imp (D:4)
  6 dart slugs
  42 orcs
  6 ball pythons
  5 bats
  7 endoplasms
  3 giant cockroaches
  8 goblins
  5 hobgoblins
  2 jackals (D:3)
  3 quokkas (D:4)
  2 frilled lizards
  7 kobolds
  5 rats
246 creatures vanquished.

Vanquished Creatures (others)
  A kobold (Orc:1)
  4 plants (D:4)
  13 starspawn tentacles (Abyss:1)
18 creatures vanquished.

Grand Total: 264 creatures vanquished

Notes
Turn   | Place    | Note
-------+----------+-------------------------------------------
     0 | D:1      | Ignak the Ogre Warper began the quest for the Orb.
     0 | D:1      | Reached XP level 1. HP: 22/22 MP: 3/3
   147 | D:1      | Reached XP level 2. HP: 29/29 MP: 5/5
   151 | D:1      | Learned a level 2 spell: Blink
   261 | D:1      | Reached skill level 3 in Fighting
   363 | D:1      | Learned a level 2 spell: Wereblood
   474 | D:1      | Reached XP level 3. HP: 37/37 MP: 7/7
   866 | D:1      | Found a faded altar of an unknown god.
   943 | D:2      | Reached XP level 4. HP: 19/45 MP: 8/8
  1104 | D:2      | Learned a level 3 spell: Lesser Beckoning
  1109 | D:2      | Found a sparkling altar of Nemelex Xobeh.
  1972 | D:2      | Reached XP level 5. HP: 34/54 MP: 9/9
  2155 | D:3      | Reached skill level 4 in Fighting
  2250 | D:3      | Found an iron altar of Okawaru.
  2257 | D:3      | Became a worshipper of Warmaster Okawaru
  2680 | D:4      | Learned a level 3 spell: Teleport Other
  2939 | D:4      | Reached skill level 1 in Unarmed Combat
  2939 | D:4      | Reached skill level 1 in Transmutations
  3256 | D:4      | Reached XP level 6. HP: 58/63 MP: 10/10
  3332 | D:4      | Found a white marble altar of Elyvilon.
  3438 | D:4      | Noticed Ijyb
  3449 | D:4      | Paralysed by Ijyb for 2 turns
  3453 | D:4      | Killed Ijyb
  3514 | D:3      | Learned a level 3 spell: Vhi's Electric Charge
  3663 | D:4      | Reached XP level 7. HP: 65/71 MP: 9/12
  3756 | D:4      | Reached skill level 5 in Fighting
  3788 | D:4      | Reached * piety under Okawaru
  4110 | D:5      | Entered Level 5 of the Dungeon
  4872 | D:5      | Reached XP level 8. HP: 74/81 MP: 14/14
  5377 | D:5      | Gained mutation: Your body sometimes deteriorates upon
                  | taking damage. [potion of mutation]
  5377 | D:5      | Gained mutation: You are strong-willed. (Will+) [potion of
                  | mutation]
  5377 | D:5      | Gained mutation: Your mind is acute. (Int +4, Str/Dex -1)
                  | [potion of mutation]
  5377 | D:5      | Gained mutation: Your flesh is heat resistant. (rF+)
                  | [potion of mutation]
  5413 | D:6      | Noticed a shadow
  5414 | D:6      | Noticed a yak
  5414 | D:6      | Noticed a yak
  5414 | D:6      | Noticed a yak
  5429 | D:5      | Killed a yak
  5429 | D:5      | Reached ** piety under Okawaru
  5433 | D:5      | Killed a shadow
  5434 | D:5      | Reached skill level 6 in Fighting
  5434 | D:5      | Reached skill level 1 in Invocations
  5641 | D:6      | Noticed a yak
  5641 | D:6      | Noticed a yak
  5655 | D:5      | Killed a yak
  5656 | D:5      | Reached skill level 5 in Maces & Flails
  5746 | D:5      | Killed a yak
  5748 | D:5      | Killed a yak
  5749 | D:5      | Reached XP level 9. HP: 86/92 MP: 16/16
  5778 | D:6      | Noticed Eustachio
  5780 | D:6      | Noticed Sigmund
  5799 | D:5      | Reached skill level 5 in Spellcasting
  5873 | D:5      | Learned a level 4 spell: Manifold Assault
  5882 | D:6      | Noticed Prince Ribbit
  6380 | D:7      | Reached *** piety under Okawaru
  6675 | D:6      | Noticed a troll
  6689 | D:6      | HP: 4/92 [troll (9)]
  6691 | D:6      | Killed a troll
  6692 | D:6      | Reached skill level 7 in Fighting
  7151 | D:5      | Reached skill level 5 in Dodging
  7151 | D:5      | Reached skill level 5 in Translocations
  7201 | D:6      | Killed Sigmund
  7378 | D:6      | Killed Prince Ribbit
  7517 | D:6      | Found a staircase to the Ecumenical Temple.
  7542 | D:6      | Noticed Edmund
  7575 | D:6      | Killed Edmund
  7807 | D:6      | Killed Eustachio
  7807 | D:6      | Reached **** piety under Okawaru
  7932 | D:6      | Noticed Pikel
  7968 | D:6      | Killed Pikel
  7969 | D:6      | Reached skill level 8 in Fighting
  7969 | D:6      | Reached XP level 10. HP: 69/104 MP: 5/19
  8399 | D:7      | Found an opulent altar of Gozag.
  9123 | D:8      | Identified the +2 ring mail "Zefush" {rC+ rCorr Int-2}
 10346 | D:9      | Paralysed by a hornet for 2 turns
 10350 | D:9      | Reached ***** piety under Okawaru
 10351 | D:9      | Reached skill level 5 in Invocations
 10558 | D:9      | Got the Papyrus of the Spider and Spellbinding
 10662 | D:9      | Learned a level 3 spell: Mephitic Cloud
 11206 | D:9      | Learned a level 4 spell: Cause Fear
 11235 | D:9      | Found a radiant altar of Vehumet.
 11255 | D:9      | Found a staircase to the Orcish Mines.
 11466 | D:9      | Reached skill level 9 in Fighting
 11466 | D:9      | Reached XP level 11. HP: 82/115 MP: 21/21
 11668 | D:9      | Found an ornate altar of the Wu Jian Council.
 11668 | D:9      | Found a blossoming altar of Fedhas.
 12142 | Orc:1    | Entered Level 1 of the Orcish Mines
 12150 | Orc:1    | Noticed an orc high priest
 12154 | Orc:1    | Noticed a sun demon
 12154 | Orc:1    | Noticed a sun demon
 12282 | Orc:1    | Noticed an orc sorcerer
 12309 | D:9      | Killed an orc high priest
 12310 | D:9      | Reached skill level 1 in Conjurations
 12310 | D:9      | Reached skill level 1 in Hexes
 12522 | D:9      | Killed an orc sorcerer
 12522 | D:9      | Identified the +0 hat of Dim Light {Contam rN+++ Will-
                  | Regen+} (Okawaru gifted it to you on level 9 of the
                  | Dungeon)
 12522 | D:9      | Received a gift from Okawaru
 13705 | Orc:1    | Found Wobruh's General Store.
 13713 | Orc:1    | Bought a scroll of acquirement for 676 gold pieces
 13713 | Orc:1    | Bought a potion of heal wounds for 65 gold pieces
 13713 | Orc:1    | Bought a potion of curing for 39 gold pieces
 13713 | Orc:1    | Acquired 1122 gold pieces
 13764 | Orc:1    | Noticed an orc warlord
 13840 | D:9      | HP: 3/115 [orc warlord/+1 long sword of holy wrath (20)]
 13974 | D:9      | Killed an orc warlord
 14581 | Orc:2    | Entered Level 2 of the Orcish Mines
 14599 | Orc:2    | Noticed an orc warlord
 14612 | Orc:2    | Found a flickering gateway to a bazaar.
 14620 | Orc:2    | Noticed an ogre mage
 14624 | Bazaar   | Entered a bazaar
 14632 | Bazaar   | Found Maoliul's Armour Boutique.
 14640 | Bazaar   | Found Zoemaimaibb's Jewellery Boutique.
 14645 | Bazaar   | Found Ibagh's Jewellery Shoppe.
 14684 | Bazaar   | Found Wiod Kacw's Antique Weapon Boutique.
 14691 | Bazaar   | Bought a bloodstained great sword for 287 gold pieces
 14691 | Bazaar   | Identified the +7 great sword "Xukic" {elec, Int+2} (You
                  | bought it in a shop in a bazaar)
 14729 | Bazaar   | Bought the ring of Shadows {Umbra +Inv Stlth+} for 560 gold
                  | pieces
 14729 | Bazaar   | Found the ring of Shadows {Umbra +Inv Stlth+}
 14738 | Bazaar   | Bought an amulet of regeneration for 510 gold pieces
 14767 | Orc:2    | Noticed a two-headed ogre
 14767 | Orc:2    | Noticed a two-headed ogre
 14767 | Orc:2    | Noticed a deep troll
 14775 | Orc:2    | Paralysed by something for 4 turns
 14804 | Abyss:1  | Cast into level 1 of the Abyss (orc)
 14813 | Abyss:1  | Noticed a thrashing horror
 14901 | Abyss:1  | Noticed a thrashing horror
 14901 | Abyss:1  | Noticed a tentacled starspawn
 14970 | Abyss:1  | Noticed a sixfirhy
 15040 | Abyss:1  | Noticed a tentacled starspawn
 15139 | Abyss:1  | Noticed a rakshasa
 15153 | Abyss:1  | Noticed a tentacled starspawn
 15179 | Abyss:1  | Noticed a thrashing horror
 15239 | Abyss:2  | Noticed a starcursed mass
 15264 | Abyss:2  | Noticed a hell knight
 15267 | Abyss:2  | Noticed a tentacled starspawn
 15278 | Abyss:2  | HP: 1/112 [ancient zyme (8)]
 15278 | Abyss:2  | Constricted to death by a starspawn tentacle

Illustrated notes

Levels and vault maps discovered:
D:1:      dpeg_arrival_pond, layout_loops_ring,
          shapermc_ecumenical_altar_notcrosses, palyth_stone_intersect,
          minmay_tiny_reverse_x
D:2:      layout_basic, basic_altar
D:3:      layout_rooms, overflow_temple_1_default, serial_corexii_hall,
          chequers_hall_statues_y, corexii_hall_statues_x,
          corexii_hall_statues_x, corexii_hall_statues_s,
          hangedman_decor_growths
D:4:      layout_loops_ring, nicolae_elyvilon_temple_path, uniq_ijyb
D:5:      layout_cave_pods
D:6:      layout_loops_ring, minmay_temple_entry_drinking_statues,
          chequers_avenue, corexii_leaking_fountain, uniq_edmund,
          uniq_prince_ribbit1, uniq_eustachio, uniq_pikel, uniq_sigmund
D:7:      layout_basic, mainiacjoe_overflow_boulevard
D:8:      layout_basic
D:9:      layout_long_grid, lemuel_tele_altar, amethyst_overflow_temple_binary,
          orc_0_dummy, chequers_serial_rivers_small_3
Orc:1:    layout_caves, serial_shops, shop, special_room [special_room_kobold],
          nicolae_orc_stony_grotto
Orc:2:    st_orc_open, layout_caves, serial_shops, bzr_entry_dummy,
          nooodl_orcs_dogs
Abyss:2:  base:
D:7

Skill      XL: |  1  2  3  4  5  6  7  8  9 10 11 |
---------------+----------------------------------+-----
Fighting       | 3 4 5 6 8 9 |  9.7
Maces & Flails | 2 3 4 5 6 8 |  8.8
Translocations | 3 4 5 6 |  6.8
Spellcasting   | 3 4 6 7 |  7.6
Dodging        | 3 4 5 6 7 |  7.2
Throwing       | 2 |  2.2
Unarmed Combat | 1 |  1.2
Transmutations | 1 |  1.3
Invocations    | 2 4 5 6 |  6.2
Conjurations   | 2 |  2.2
Hexes          | 2 |  2.3
Evocations     | |  0.4

Action                   |  1- 3 |  4- 6 |  7- 9 | 10-12 || total
-------------------------+-------+-------+-------+-------++-------
Melee: Mace              |   107 |   161 |   315 |   618 ||  1201
       Punch             |       |     1 |     3 |    11 ||    15
       Giant spiked club |       |    22 |    31 |    12 ||    65
Throw: Dart              |       |     7 |    19 |    14 ||    40
 Cast: Wereblood         |     1 |     2 |    14 |    33 ||    50
       Lesser Beckoning  |       |     1 |       |       ||     1
       Blink             |       |     1 |     9 |    32 ||    42
       Teleport Other    |       |       |     3 |     2 ||     5
       Vhi's Electric Ch |       |       |    14 |     4 ||    18
       Manifold Assault  |       |       |     7 |    21 ||    28
       Mephitic Cloud    |       |       |       |    12 ||    12
Invok: Heroism           |       |       |     1 |     8 ||     9
Evoke: Wand              |       |       |     1 |    12 ||    13
  Use: Potion            |     1 |       |     7 |     3 ||    11
       Scroll            |       |    10 |     5 |    13 ||    28
 Stab: Confused          |       |       |       |     5 ||     5
Armor: Robe              |    64 |    94 |   208 |   308 ||   674
Dodge: Dodged            |    74 |   141 |   208 |   406 ||   829

Table legend: (Time is in decaauts)
 A = Elapsed time spent in this place.
 B = Non-inter-level travel time spent in this place.
 C = Inter-level travel time spent in this place.
 D = Time resting spent in this place.
 E = Time spent auto-exploring this place.
 F = Levels seen in this place.
 G = Mean time per level.
                   A        B        C        D        E       F      G
               +--------+--------+--------+--------+--------+-----+--------+
         Total |  15457 |  14923 |    534 |   4212 |   5845 |  14 | 1104.1 |
       Dungeon |  13540 |  13007 |    533 |   3827 |   5487 |   9 | 1504.4 |
  Orcish Mines |   1306 |   1306 |      0 |    327 |    358 |   2 |  653.0 |
         Abyss |    470 |    470 |      0 |     57 |      0 |   2 |  235.0 |
        Bazaar |    139 |    139 |      0 |      0 |      0 |   1 |  139.0 |
               +--------+--------+--------+--------+--------+-----+--------+

Top non-repeatable levels by time:
     D:9: 2739 daAuts
     D:6: 1757 daAuts
     D:4: 1667 daAuts
     D:8: 1614 daAuts
     D:5: 1485 daAuts
     D:7: 1396 daAuts
   Orc:1: 1220 daAuts
     D:2: 1012 daAuts
     D:1: 942 daAuts
     D:3: 925 daAuts
 Abyss:1: 381 daAuts
  Bazaar: 139 daAuts
 Abyss:2: 88 daAuts
   Orc:2: 85 daAuts
